 Dungeon Crawl Stone Soup version 0.30-a0-347-gf58ed5266c (webtiles) character file.

Game seed: 4035342742187232999

157425 Lanoc the Pyromancer (level 16, -8/94 HPs)
             Began as a Deep Elf Fire Elementalist on Nov 5, 2022.
             Was the Champion of Elyvilon.
             Mangled by a vault guard
             ... wielding a +0 great sword
             ... led by a vault warden
              (14 damage)
             ... on level 1 of the Vaults.
             The game lasted 01:27:26 (28150 turns).

Lanoc the Pyromancer (Deep Elf Fire Elementalist)  Turns: 28150, Time: 01:27:27

Health: -8/94      AC: 21    Str: 14    XL:     16   Next: 85%
Magic:  10/47      EV: 18    Int: 36    God:    Elyvilon [******]
Gold:   2310       SH:  3    Dex: 12    Spells: 32/47 levels left

rFire   . . .      SeeInvis .    C - +9 spear of the Fabulous God {freeze, Str+6}
rCold   . . .      Faith    .    E - +0 buckler
rNeg    + + +      Spirit   .    L - +0 swamp dragon scales
rPois   +          Reflect  .    B - +2 helmet "Cummaam" {Int+4 Dex-3}
rElec   .          Harm     .    o - +1 cloak of Starlight {*Dazzle EV+4 Stlth--}
rCorr   .          Rampage  .    b - +2 pair of gloves of the Manifold Curses {Str+3}
Will    +....                    S - +1 pair of boots
Stlth   ..........               x - amulet of magic regeneration
HPRegen 0.35/turn                u - +4 ring of protection
MPRegen 0.70/turn                D - ring of Propriety {Wiz rN+++ MP+9 Int+3 Stlth-}

@: about to teleport
A: no striking features
}: 1/15 runes: decaying
a: Renounce Religion, Purification, Heal Other, Heal Self, Divine Vigour


You were on level 1 of the Vaults.
You worshipped Elyvilon.
Elyvilon was exalted by your worship.
You visited 6 branches of the dungeon, and saw 26 of its levels.
You also visited: Sewer and Gauntlet.

You collected 3013 gold pieces.
You spent 703 gold pieces at shops.

Inventory:

Hand Weapons
 C - the +9 spear of the Fabulous God (weapon) {freeze, Str+6}
   (You found it on level 6 of the Dungeon)

   It freezes those it strikes, dealing additional cold damage.
   It can also slow down cold-blooded creatures.
   Str:       It affects your strength (+6).
 T - the +8 broad axe "Tuprio" {elec, rF- MP+9 Dex+4}
   (You took it off a minotaur in a Gauntlet)

   It occasionally discharges a powerful burst of electricity upon striking a
   foe.
   Dex:       It affects your dexterity (+4).
   rF:        It makes you vulnerable to fire.
   MP:        It affects your magic capacity (+9).
Missiles
 F - 22 curare-tipped darts
 N - 2 throwing nets
Armour
 b - the +2 pair of gloves of the Manifold Curses (worn) {Str+3}
   (You found it in a Gauntlet)

   Str:       It affects your strength (+3).
 l - a +2 robe of willpower
 o - the +1 cloak of Starlight (worn) {*Dazzle EV+4 Stlth--}
   (You bought it in a shop on level 2 of the Orcish Mines)

   It may blind those who miss an attack against the wearer in melee combat.
   EV:        It affects your evasion (+4).
   Stlth:     It makes you much less stealthy.
 B - the +2 helmet "Cummaam" (worn) {Int+4 Dex-3}
   (You found it on level 6 of the Dungeon)

   Int:       It affects your intelligence (+4).
   Dex:       It affects your dexterity (-3).
 E - a +0 buckler (worn)
 L - +0 swamp dragon scales (worn)
 S - a +1 pair of boots (worn)
Jewellery
 r - a ring of protection from cold
 u - a +4 ring of protection (left hand)
 x - an amulet of magic regeneration (around neck)
 y - the amulet "Nousuirr" {Acrobat rCorr}
   (You found it in a Gauntlet)

   [amulet of the acrobat]

   It increases your evasion while moving and waiting.
   rCorr:     It protects you from acid and corrosion.
 D - the ring of Propriety (right hand) {Wiz rN+++ MP+9 Int+3 Stlth-}
   (You took it off a minotaur in a Gauntlet)

   [ring of wizardry]

   It improves your spell success rate.
   Int:       It affects your intelligence (+3).
   rN:        It renders you almost immune to negative energy.
   MP:        It affects your magic capacity (+9).
   Stlth:     It makes you less stealthy.
 H - a ring of willpower
 U - a ring of magical power
 Y - a ring of see invisible
Wands
 w - a wand of iceblast (8)
 O - a wand of digging (18)
 P - a wand of mindburst (9)
 V - a wand of quicksilver (20)
 W - a wand of flame (4)
 Z - a wand of charming (14)
Scrolls
 e - 5 scrolls of immolation
 g - 2 scrolls of blinking
 i - 5 scrolls of fog
 m - 4 scrolls of enchant armour
 p - 5 scrolls of teleportation
 q - 4 scrolls of vulnerability
 s - 2 scrolls of silence
 v - 3 scrolls of fear
 z - 3 scrolls of poison
 I - a scroll of identify
 J - 3 scrolls of enchant weapon
 R - 3 scrolls of brand weapon
Potions
 a - a potion of brilliance
 c - 4 potions of resistance
 d - 8 potions of curing
 f - 8 potions of flight
 h - 2 potions of might
 j - 2 potions of cancellation
 k - 6 potions of mutation
 t - a potion of invisibility
 A - 9 potions of lignification
 G - 3 potions of attraction
 M - 3 potions of heal wounds
 Q - a potion of berserk rage
 X - a potion of haste
Miscellaneous
 K - a phial of floods


   Skills:
 * Level 8.6 Fighting
 * Level 12.5 Dodging
 - Level 2.4 Stealth
 + Level 16.0 Spellcasting
 - Level 1.1 Conjurations
 - Level 26.0 Fire Magic


You had 32 spell levels left.
You knew the following spells:

 Your Spells              Type           Power      Damage    Failure   Level
a - Foxfire               Conj/Fire      100%       2x1d9     0%          1
b - Ignition              Fire           60%        3d16      1%          8
c - Flame Wave            Conj/Fire      90%        2d19      1%          4
d - Scorch                Fire           100%       2d10      0%          2

Your spell library contained the following spells:

 Spells                   Type           Power      Damage    Failure   Level
 Sandblast                Erth           56%        2d13      1%          1
 Shock                    Conj/Air       100%       1d9       1%          1
 Sting                    Tmut/Pois      100%       1d8       1%          1
 Summon Small Mammal      Summ           100%       N/A       1%          1
 Momentum Strike          Conj/Tloc      64%        3d9       1%          2
 Inner Flame              Hex/Fire       89%        N/A       1%          3
 Kindle Blastsparks       Fire/Tloc/Air  100%       2d18      1%          3
 Sticky Flame             Conj/Fire      90%        2d10      1%          4
 Blink                    Tloc           56%        N/A       2%          2
 Cigotuvi's Dreadful Rot  Necr/Pois/Air  56%        N/A       2%          2
 Ensorcelled Hibernation  Hex/Ice        56%        N/A       2%          2
 Passwall                 Tmut/Erth      23%        N/A       2%          2
 Poisonous Vapours        Pois/Air       56%        N/A       2%          2
 Sublimation of Blood     Necr           28%        N/A       2%          2
 Stone Arrow              Conj/Erth      64%        3d11      3%          3
 Call Canine Familiar     Summ           28%        N/A       4%          3
 Lesser Beckoning         Tloc           56%        N/A       4%          3
 Mephitic Cloud           Conj/Pois/Air  31%        N/A       4%          3
 Ozocubu's Armour         Ice            28%        N/A       4%          3
 Spider Form              Tmut/Pois      28%        N/A       4%          3
 Summon Guardian Golem    Hex/Summ       28%        N/A       4%          3
 Swiftness                Air            28%        N/A       4%          3
 Airstrike                Air            14%        2d(2-18)  14%         4
 Anguish                  Hex/Necr       14%        N/A       14%         4
 Manifold Assault         Tloc           28%        N/A       14%         4
 Olgreb's Toxic Radiance  Pois           28%        N/A       14%         4
 Petrify                  Tmut/Erth      28%        N/A       14%         4
 Irradiate                Conj/Tmut      16%        3d17      32%         5
 Alistair's Intoxication  Tmut/Pois      18%        N/A       36%         5
 Borgnjor's Vile Clutch   Necr/Erth      14%        N/A       36%         5
 Metabolic Englaciation   Hex/Ice        14%        N/A       36%         5
 Dispersal                Tloc           14%        N/A       89%         6
 Eringya's Noxious Bog    Tmut/Pois      14%        N/A       89%         6
 Simulacrum               Ice/Necr       14%        N/A       89%         6
 Ozocubu's Refrigeration  Ice            14%        4d10      100%        7
 Disjunction              Tloc           14%        N/A       100%        8


Dungeon Overview and Level Annotations

Branches:
Dungeon (13/15)            Temple (1/1) D:6            Lair (5/5) D:10
  Swamp (4/4) Lair:2        Snake (0/4) Lair:3        Slime (0/5) Lair:5
    Orc (2/2) D:11            Elf (0/3) Orc:2        Vaults (1/5) D:13
  Sewer (visited)         Gauntlet (visited)

Altars:
Cheibriados
Gozag
Kikubaaqudgha
Nemelex Xobeh
Trog
Uskayaw
Yredelemnul
Zin

Shops:
D:5 (   D:13 (   Orc:2 [*(!

Annotations:
D:6 2 runed translucent doors, Lanoc's ghost, novice TrFi
Lair:5 1 runed translucent door
Orc:1 6 transporters


Message History

The vault guard hits you with a +0 long sword!
You hit the vault guard but do no damage.
The vault guard is almost dead.
The sentinel's mark upon you fades away.
The vault guard misses you.
A vault warden comes into view.
It is wielding a +5 battleaxe of distortion.
Casting: Ignition (dangerous; 1% risk of failure)
Confirm with . or Enter, or press ? or * to list all spells.
Casting: Ignition (dangerous; 1% risk of failure)
Press: ? - help, Dir - look around, f - activate The air bursts into flame!
The fireball engulfs the vault warden!
The vault warden is lightly wounded.
The fireball engulfs the vault guard!
The vault guard is lightly wounded.
The fireball engulfs the vault guard!!
The vault guard is moderately wounded.
The fireball engulfs the vault guard!
You kill the vault guard!
The fireball engulfs the vault guard!!
The vault guard is moderately wounded.
The fireball engulfs the vault warden!!
The vault warden is moderately wounded.
The vault warden activates a sealing rune.
You hear a shout!
The vault guard attacks as you move away!
The vault guard barely misses you.
The vault guard attacks as you move away!
The vault guard misses you.
The vault guard attacks as you move away!
The vault guard barely misses you.
The vault guard attacks as you move away!
The vault guard hits you with a +1 great sword of protection!!
* * * LOW HITPOINT WARNING * * *
As you read the scroll of teleportation, it crumbles to dust.
You feel strangely unstable.
The vault guard hits you with a +1 great sword of protection!
* * * LOW HITPOINT WARNING * * *
The vault guard attacks as you move away!
The vault guard hits you with a +0 great sword!
You die...

################################
................@p.p...........#
.................p.............#
######......................)..#
.# #.........................#
.# #.........................#
.# #..###########+####.......#
.# #..#....#....#....#.......#
.# #..#....#..!.#..).#.......#
.# #..#....#....##...#.......#


You could see a vault warden and 2 vault guards.

Vanquished Creatures
  A sphinx (Vaults:1)
  Gastronok (Orc:1)
  Frances (Swamp:2)
  3 thorn hunters (Swamp:1)
  A fenstrider witch (Swamp:1)
  A ghoul (Swamp:1)
  A vault warden (Vaults:1)
  3 very ugly things
  An ironbound thunderhulk (Vaults:1)
  3 eleionomae
  A minotaur (Gauntlet)
  3 bunyips
  2 green deaths (Swamp:4)
  A yaktaur captain (Vaults:1)
  A shambling mangrove (Swamp:4)
  2 hell beasts (Swamp:4)
  Erolcha (D:9)
  A great orb of eyes (Swamp:4)
  A peacekeeper (Vaults:1)
  12 hydras
  A ghost crab (Swamp:1)
  5 ogre magi (Orc:2)
  An ironbound frostheart (Vaults:1)
  3 centaur warriors
  A catoblepas (Lair:5)
  2 vault guards
  A boulder beetle (Lair:4)
  19 two-headed ogres
  3 alligators
  5 death yaks (Lair:2)
  A tengu warrior (D:13)
  Nergalle (D:11)
  Lodul (D:11)
  5 bog bodies
  9 goliath frogs
  3 spriggan druids
  7 swamp dragons
  2 wizards (D:13)
  An ironbound convoker (Vaults:1)
  3 harpies (Vaults:1)
  3 lindwurms (Vaults:1)
  6 orc knights
  An orc sorcerer (Orc:1)
  A deep elf pyromancer (D:13)
  4 ugly things (Swamp:4)
  5 oklob plants
  2 cyclopes
  4 will-o-the-wisps
  7 elephants
  Joseph (D:7)
  A black mamba (Lair:1)
  3 vault sentinels (Vaults:1)
  6 torpor snails (Lair:4)
  2 orange demons (Swamp:4)
  3 gargoyles
  3 rime drakes
  A kobold demonologist (D:12)
  19 cane toads
  A yaktaur (D:13)
  Maggie (D:7)
  5 komodo dragons
  2 unseen horrors (D:10)
  2 polar bears (Lair:4)
  3 meliai (D:13)
  A tengu conjurer (D:13)
  A bloated husk (Swamp:2)
  3 trolls
  5 hornets
  21 blink frogs
  3 dream sheep (Lair:4)
  33 slime creatures
  Prince Ribbit (D:6)
  13 tyrant leeches
  Sigmund (D:2)
  8 shadows
  4 large abominations
  2 vampires
  3 spriggans (Swamp:2)
  4 wraiths
  41 yaks
  3 fire bats (Orc:1)
  A basilisk (Lair:3)
  A basilisk (shapeshifter) (D:11)
  2 steam dragons
  7 wyverns
  14 vampire mosquitoes
  3 wargs
  13 swamp worms
  2 acid dragons
  10 water moccasins
  Duvessa (D:7)
  22 orc warriors
  A swamp drake (Swamp:3)
  An ice beast (D:7)
  4 centaurs
  37 ogres
  5 wolves (Lair:4)
  4 small abominations
  A kobold brigand (Sewer)
  20 bullfrogs
  5 necrophages
  A gnoll sergeant (D:11)
  4 scorpions
  13 wights
  Dowan (D:7)
  10 killer bees (D:9)
  6 jellies
  17 orc priests
  5 hounds
  8 iguanas
  15 orc wizards
  4 gnolls
  4 adders
  3 river rats (D:3)
  3 white imps
  An ufetubus (D:6)
  4 dart slugs
  55 orcs
  4 ball pythons
  6 bats
  6 endoplasms
  2 giant cockroaches (D:2)
  7 goblins
  11 hobgoblins
  A jackal (D:1)
  10 kobolds
  2 quokkas
  4 frilled lizards
  6 rats
715 creatures vanquished.

Vanquished Creatures (collateral kills)
  Saint Roka (Orc:2)
  A crystal guardian (Vaults:1)
  A two-headed ogre (Orc:2)
  A gargoyle (D:13)
  A warg (Orc:2)
  2 orc warriors (Orc:2)
  2 orc priests (Orc:2)
  2 orcs (Orc:2)
  3 foxfires
14 creatures vanquished.

Vanquished Creatures (others)
  A human (D:10)
  4 briar patches (Swamp:1)
  1447 foxfires
  11 fungi
  104 plants
  14 withered plants (Gauntlet)
1581 creatures vanquished.

Grand Total: 2310 creatures vanquished

Notes
Turn   | Place    | Note
-------+----------+-------------------------------------------
     0 | D:1      | Lanoc the Deep Elf Fire Elementalist began the quest for
                  | the Orb.
     0 | D:1      | Reached XP level 1. HP: 10/10 MP: 6/6
   154 | D:1      | Reached skill level 4 in Fire Magic
   154 | D:1      | Reached XP level 2. HP: 9/15 MP: 1/8
   292 | D:1      | Learned a level 2 spell: Scorch
   828 | D:1      | Reached XP level 3. HP: 19/19 MP: 4/9
  1621 | D:2      | Noticed Sigmund
  1656 | D:2      | Killed Sigmund
  1657 | D:2      | Reached skill level 7 in Fire Magic
  1657 | D:2      | Reached XP level 4. HP: 15/24 MP: 2/10
  1657 | D:2      | Reached XP level 5. HP: 18/28 MP: 2/11
  1666 | D:2      | Learned a level 4 spell: Flame Wave
  2374 | D:3      | Found a glowing drain.
  2449 | Sewer    | Entered a sewer
  2532 | Sewer    | Reached XP level 6. HP: 32/32 MP: 4/12
  2612 | Sewer    | Found a white marble altar of Elyvilon.
  2621 | Sewer    | Became a worshipper of Elyvilon the Healer
  2673 | D:3      | Reached skill level 8 in Fire Magic
  3677 | D:4      | Reached * piety under Elyvilon
  4243 | D:4      | Reached XP level 7. HP: 36/36 MP: 11/13
  4264 | D:4      | Reached skill level 9 in Fire Magic
  4568 | D:5      | Entered Level 5 of the Dungeon
  4682 | D:5      | Reached ** piety under Elyvilon
  4708 | D:5      | Reached skill level 10 in Fire Magic
  4784 | D:5      | Reached XP level 8. HP: 41/41 MP: 9/14
  4881 | D:5      | Found Eghoeschyji's Antique Weapon Emporium.
  5125 | D:6      | Identified the +2 helmet "Cummaam" {Int+4 Dex-3}
  5168 | D:6      | Found a staircase to the Ecumenical Temple.
  5179 | D:6      | Reached skill level 11 in Fire Magic
  5185 | Temple   | Entered the Ecumenical Temple
  5284 | D:6      | Found a runed translucent door.
  5334 | D:6      | Found a runed translucent door.
  5336 | D:6      | Identified the +9 spear of the Fabulous God {freeze, Str+6}
  5338 | D:6      | Noticed Lanoc's ghost (novice TrFi)
  5388 | D:6      | Reached *** piety under Elyvilon
  5653 | D:6      | Found a glowing silver altar of Zin.
  5653 | D:6      | Found a basalt altar of Yredelemnul.
  5653 | D:6      | Noticed Prince Ribbit
  5664 | D:6      | Killed Prince Ribbit
  5665 | D:6      | Reached skill level 12 in Fire Magic
  5847 | D:7      | Reached skill level 13 in Fire Magic
  5861 | D:7      | Reached XP level 9. HP: 39/45 MP: 4/15
  5888 | D:7      | Noticed Duvessa
  6140 | D:7      | Noticed Joseph
  6185 | D:7      | Noticed Dowan
  6191 | D:7      | Killed Dowan
  6221 | D:7      | Killed Duvessa
  6398 | D:7      | Noticed Maggie
  6406 | D:7      | Killed Maggie
  6407 | D:7      | Reached skill level 14 in Fire Magic
  6551 | D:7      | Killed Joseph
  6685 | D:8      | Reached **** piety under Elyvilon
  6710 | D:8      | Reached skill level 15 in Fire Magic
  7097 | D:9      | Reached skill level 5 in Spellcasting
  7098 | D:9      | Reached XP level 10. HP: 50/50 MP: 12/19
  7385 | D:9      | Reached skill level 16 in Fire Magic
  7565 | D:9      | Noticed Erolcha
  7571 | D:9      | Killed Erolcha
  7726 | D:10     | Entered Level 10 of the Dungeon
  7895 | D:10     | Reached skill level 17 in Fire Magic
  7899 | D:10     | Reached XP level 11. HP: 50/54 MP: 11/25
  8044 | D:10     | Found a staircase to the Lair.
  8111 | D:10     | Reached ***** piety under Elyvilon
  8194 | D:10     | Noticed a two-headed ogre
  8203 | D:10     | Killed a two-headed ogre
  8303 | D:10     | Found an ancient bone altar of Kikubaaqudgha.
  8479 | D:11     | HP: 1/54 [orc warrior/+0 morningstar (6)]
  8673 | D:11     | Noticed Nergalle
  8691 | D:11     | Killed Nergalle
  8942 | D:11     | Found a staircase to the Orcish Mines.
  8978 | D:11     | Reached skill level 18 in Fire Magic
  8987 | D:11     | Reached skill level 10 in Spellcasting
  9022 | D:11     | Learned a level 8 spell: Ignition
  9216 | D:11     | Noticed a two-headed ogre
  9227 | D:11     | Killed a two-headed ogre
  9229 | D:11     | Reached skill level 19 in Fire Magic
  9614 | D:11     | Noticed Lodul
  9654 | D:11     | Killed Lodul
  9977 | D:12     | Reached XP level 12. HP: 53/59 MP: 15/28
 10160 | D:12     | Noticed a two-headed ogre
 10166 | D:12     | Killed a two-headed ogre
 10167 | D:12     | Reached skill level 20 in Fire Magic
 10864 | D:13     | Noticed a centaur warrior
 10868 | D:13     | Killed a centaur warrior
 10899 | D:13     | Noticed a two-headed ogre
 10979 | D:13     | Noticed a tengu warrior
 10990 | D:13     | Noticed a six-headed hydra
 10994 | D:13     | Killed a tengu warrior
 11068 | D:13     | Found Afaallis's Antique Weapon Shoppe.
 11122 | D:13     | Reached skill level 21 in Fire Magic
 11148 | D:13     | Noticed a boulder beetle
 11164 | D:13     | Killed a six-headed hydra
 11317 | D:13     | Killed a two-headed ogre
 11444 | D:13     | Noticed a centaur warrior
 11454 | D:13     | Was placed under penance by Elyvilon
 12094 | D:13     | Reached skill level 22 in Fire Magic
 12206 | D:13     | Noticed a vault guard
 12224 | D:13     | Killed a vault guard
 12225 | D:13     | Reached XP level 13. HP: 63/63 MP: 1/29
 12340 | D:13     | Found a gate to the Vaults.
 12770 | D:13     | HP: 3/63 [boulder beetle (44)]
 13020 | Orc:1    | Entered Level 1 of the Orcish Mines
 13020 | Orc:1    | Found a bloodstained altar of Trog.
 13147 | Orc:2    | Entered Level 2 of the Orcish Mines
 13147 | Orc:2    | Found a staircase to the Elven Halls.
 13231 | Orc:1    | Noticed Gastronok
 13244 | Orc:1    | Killed Gastronok
 13471 | Orc:2    | Noticed Saint Roka
 13479 | Orc:2    | Killed Saint Roka
 13488 | Orc:2    | Reached skill level 23 in Fire Magic
 13940 | Orc:1    | Found a transporter.
 13944 | Orc:1    | Found a transporter.
 13945 | Orc:1    | Found a transporter.
 13949 | Orc:1    | Was forgiven by Elyvilon
 13962 | Orc:1    | Found a sparkling altar of Nemelex Xobeh.
 13962 | Orc:1    | Noticed a juggernaut
 13963 | Orc:1    | Found a transporter.
 13963 | Orc:1    | Found a transporter.
 13967 | Orc:1    | Found a transporter.
 14214 | Orc:2    | Found Ucym's Assorted Antiques.
 14214 | Orc:2    | Found Jimewn's Distillery.
 14216 | Orc:2    | Reached XP level 14. HP: 68/68 MP: 16/32
 14216 | Orc:2    | Found Sibelyu's Antique Weapon Emporium.
 14216 | Orc:2    | Found Muedugh's Armour Boutique.
 14219 | Orc:2    | Reached skill level 24 in Fire Magic
 14273 | Orc:2    | Bought a potion of brilliance for 44 gold pieces
 14273 | Orc:2    | Bought a potion of might for 44 gold pieces
 14273 | Orc:2    | Bought a potion of magic for 88 gold pieces
 14274 | Orc:2    | Bought a scroll labelled VARUDGH DUTYRE for 19 gold pieces
 14274 | Orc:2    | Bought a scroll of blinking for 142 gold pieces
 14279 | Orc:2    | Bought the +1 cloak of Starlight {*Dazzle EV+4 Stlth--} for
                  | 366 gold pieces
 14279 | Orc:2    | Found the +1 cloak of Starlight {*Dazzle EV+4 Stlth--}
 14576 | Lair:1   | Entered Level 1 of the Lair of Beasts
 14860 | Lair:1   | Reached skill level 1 in Fighting
 15279 | Lair:1   | Reached ****** piety under Elyvilon
 16191 | Lair:2   | Found a staircase to the Swamp.
 16945 | Lair:3   | Reached skill level 5 in Dodging
 17117 | Lair:3   | Found a staircase to the Snake Pit.
 17578 | Lair:4   | Found a gate leading to a gauntlet.
 17595 | Gauntlet | Entered a Gauntlet
 17595 | Gauntlet | Found a transporter.
 17595 | Gauntlet | Found a transporter.
 17671 | Gauntlet | Found a transporter.
 17686 | Gauntlet | Found a transporter.
 17700 | Gauntlet | Found a transporter.
 17713 | Gauntlet | Found a transporter.
 17729 | Gauntlet | Found a transporter.
 17795 | Gauntlet | Found a transporter.
 17810 | Gauntlet | Found a transporter.
 17826 | Gauntlet | Found a transporter.
 17839 | Gauntlet | Found a transporter.
 17857 | Gauntlet | Found a transporter.
 17926 | Gauntlet | Found a transporter.
 17940 | Gauntlet | Found a transporter.
 17970 | Gauntlet | Found a transporter.
 17980 | Gauntlet | Found a transporter.
 18072 | Gauntlet | Identified the +2 pair of gloves of the Manifold Curses
                  | {Str+3}
 18137 | Gauntlet | Identified the amulet "Nousuirr" {Acrobat rCorr}
 18230 | Gauntlet | Identified the +8 broad axe "Tuprio" {elec, rF- MP+9 Dex+4}
 18230 | Gauntlet | Identified the ring of Propriety {Wiz rN+++ MP+9 Int+3
                  | Stlth-}
 18498 | Lair:4   | Found a snail-covered altar of Cheibriados.
 19433 | Lair:5   | Entered Level 5 of the Lair of Beasts
 19435 | Lair:5   | Reached XP level 15. HP: 80/80 MP: 35/35
 19474 | Lair:5   | Found a runed translucent door.
 19891 | Lair:5   | Reached skill level 5 in Fighting
 20119 | Lair:5   | Found a staircase to the Slime Pits.
 21151 | Swamp:1  | Entered Level 1 of the Swamp
 21154 | Swamp:1  | Reached skill level 25 in Fire Magic
 21194 | Swamp:1  | Noticed a thorn hunter
 21199 | Swamp:1  | Killed a thorn hunter
 21214 | Swamp:1  | Noticed a thorn hunter
 21222 | Swamp:1  | Noticed a thorn hunter
 21225 | Swamp:1  | Killed a thorn hunter
 21251 | Swamp:1  | Killed a thorn hunter
 21556 | Swamp:1  | Noticed a fenstrider witch
 21566 | Swamp:1  | Killed a fenstrider witch
 22516 | Swamp:2  | Noticed Frances
 22589 | Swamp:1  | Reached skill level 15 in Spellcasting
 22851 | Swamp:2  | Killed Frances
 22852 | Swamp:2  | Reached skill level 10 in Dodging
 23543 | Swamp:3  | Reached XP level 16. HP: 62/90 MP: 10/37
 24628 | Swamp:4  | Entered Level 4 of the Swamp
 24731 | Swamp:4  | Identified the +4 mace "Jeulorue" {vorpal, rElec Stlth+}
 25079 | Swamp:3  | Elyvilon protects you from harm!
 25080 | Swamp:3  | HP: 1/92 [poison (poison gas)]
 26522 | Swamp:4  | Got a decaying rune of Zot
 27007 | Vaults:1 | Entered Level 1 of the Vaults
 27346 | Vaults:1 | Noticed a sphinx
 27351 | Vaults:1 | Killed a sphinx
 27417 | Vaults:1 | Elyvilon protects you from harm!
 27967 | Vaults:1 | Reached skill level 26 in Fire Magic
 28150 | Vaults:1 | Mangled by a vault guard

Illustrated notes

Levels and vault maps discovered:
D:1:      elethiomel_arrival_quiet, layout_loops_ring, serial_forest,
          infiniplex_forest_split, infiniplex_forest_end_2,
          infiniplex_forest_lined_2, infiniplex_forest_clump_tiny,
          infiniplex_forest_clump_medium, infiniplex_forest_straight_2,
          infiniplex_forest_end_2, minmay_cupped
D:2:      layout_rooms, chequers_serial_rivers_micro_c,
          hangedman_decor_riveting, uniq_sigmund
D:3:      minmay_skewed_foursquare, layout_basic, portal_sewer_entry_a
D:4:      minmay_polygon_palace, layout_loops_cross, hex_medium,
          columned_hall_lemuel
D:5:      layout_basic, serial_shops, nicolae_square_shop
D:6:      layout_loops_ring, gammafunk_temple_overflow_pools,
          minmay_temple_entry_stoned_glass, ebering_ghost_sewer_f, st_stairs_8,
          nicolae_figureground_sparkle, uniq_prince_ribbit1
D:7:      layout_loops_ring, uniq_duvessa, uniq_joseph, uniq_maggie
D:8:      layout_rooms
D:9:      layout_gridville, kennysheep_generic_room_14, uniq_erolcha
D:10:     layout_cave_pools, tgw_kikubaaqudgha, grunt_lair_entry_orc_guard_hut
D:11:     layout_basic, david_orc_5, uniq_nergalle, uniq_lodul
D:12:     layout_long_grid
D:13:     layout_roguey, grunt_vaults_entry_fortified, minmay_statues_item,
          nicolae_take_the_stairs, minmay_misc_feat_iff
Temple:   nicolae_temple_bog_church
Lair:1:   layout_cave_shapes, lemuel_fruit_tree, serial_bayou_shore_a
Lair:2:   layout_cave_pods, minmay_swamp_entry_reptiles, st_stairs_10
Lair:3:   layout_hall_layers, guppyfry_snake_entry_island
Lair:4:   layout_regular_city, gauntlet_entry_generic, kennysheep_snail_temple,
          grunt_megastairs_1
Lair:5:   minmay_lair_end_frog_pond, layout_cave_pods, slime_entry_2,
          chequers_serial_rivers_room_b, minmay_lair_oklob_items
Swamp:1:  dpeg_oklob_gauntlet, layout_falls_marsh,
          nicolae_swamp_very_dense_foliage, grunt_witch_cave
Swamp:2:  layout_basic_swamp, nicolae_swamp_well_well_well, uniq_frances
Swamp:3:  layout_basic_swamp, nicolae_swamp_tree_designs
Swamp:4:  swamp_vile, layout_basic_swamp
Orc:1:    layout_diamond_mine, basic_altar, nicolae_volcano_entry_batcave,
          hellmonk_jugg_or_not, uniq_gastronok
Orc:2:    st_orc_ogre_mass, layout_caves, uniq_saint_roka
Vaults:1: ontoclasm_vaults_decontamination, nicolae_vaults_asterisk,
          hangedman_vaults_unwind, v_misc_22, nicolae_vaults_ninety_degrees,
          ontoclasm_vaults_idyll, hangedman_vaults_restitches,
          nicolae_vaults_yaktaur_gun_rack, nicolae_vaults_what_the_h,
          nicolae_vaults_border_crossing, layout_vaults_omnigrid

Skill      XL: |  1  2  3  4  5  6  7  8  9 10 11 12 13 14 15 16 |
---------------+-------------------------------------------------+-----
Fire Magic     | 4 7 8 10 13 15 17 19 22 23 24 25 26 | 26.0
Spellcasting   | 5 8 10 12 14 15 16 | 16.0
Dodging        | 6 10 12 | 12.5
Fighting       | 4 6 8 |  8.6
Stealth        | |  2.4
Conjurations   | |  1.1

Action                   |  1- 3 |  4- 6 |  7- 9 | 10-12 | 13-15 | 16-18 || total
-------------------------+-------+-------+-------+-------+-------+-------++-------
Melee: Unarmed           |    16 |     7 |     2 |       |       |       ||    25
       Spear             |       |       |     1 |     1 |    61 |    26 ||    89
 Cast: Foxfire           |    67 |   129 |   212 |   304 |   122 |     1 ||   835
       Scorch            |     2 |     5 |    33 |    37 |    33 |    10 ||   120
       Flame Wave        |       |       |     8 |    44 |    18 |     2 ||    72
       Ignition          |       |       |       |    27 |   287 |   164 ||   478
Evoke: Phial of floods   |       |       |       |     1 |       |       ||     1
       Wand              |       |       |       |       |     5 |       ||     5
  Use: Scroll            |       |       |       |    14 |    16 |     4 ||    34
       Potion            |       |       |       |     3 |     7 |     4 ||    14
 Stab: Sleeping          |       |       |       |     1 |       |       ||     1
       Invisible         |       |       |       |       |       |     2 ||     2
Armor: Robe              |     1 |     2 |    13 |    31 |    64 |     4 ||   115
       Swamp dragon scal |       |       |       |       |       |    20 ||    20
Dodge: Dodged            |    13 |     8 |    24 |    53 |   121 |    62 ||   281
Block: Buckler           |       |       |     3 |    12 |    19 |     5 ||    39

Table legend: (Time is in decaauts)
 A = Elapsed time spent in this place.
 B = Non-inter-level travel time spent in this place.
 C = Inter-level travel time spent in this place.
 D = Time resting spent in this place.
 E = Time spent auto-exploring this place.
 F = Levels seen in this place.
 G = Mean time per level.
                   A        B        C        D        E       F      G
               +--------+--------+--------+--------+--------+-----+--------+
         Total |  28741 |  27176 |   1565 |   4106 |  18042 |  28 | 1026.5 |
       Dungeon |  12991 |  12382 |    609 |   1318 |   9011 |  13 |  999.3 |
        Temple |      1 |      1 |      0 |      0 |      0 |   1 |    1.0 |
          Lair |   6047 |   5751 |    296 |     56 |   4994 |   5 | 1209.4 |
         Swamp |   6159 |   5731 |    428 |   2274 |   2010 |   4 | 1539.8 |
  Orcish Mines |   1495 |   1392 |    103 |    247 |    876 |   2 |  747.5 |
        Vaults |   1150 |   1023 |    127 |    211 |    546 |   1 | 1150.0 |
         Sewer |    228 |    228 |      0 |      0 |    197 |   1 |  228.0 |
      Gauntlet |    667 |    667 |      0 |      0 |    405 |   1 |  667.0 |
               +--------+--------+--------+--------+--------+-----+--------+

Top non-repeatable levels by time:
    D:13: 1916 daAuts
  Lair:5: 1694 daAuts
 Swamp:3: 1673 daAuts
 Swamp:4: 1666 daAuts
 Swamp:1: 1603 daAuts
    D:11: 1519 daAuts
     D:1: 1385 daAuts
  Lair:4: 1280 daAuts
  Lair:2: 1247 daAuts
 Swamp:2: 1215 daAuts
    D:12: 1204 daAuts
  Lair:1: 1204 daAuts
Vaults:1: 1150 daAuts
     D:4: 1058 daAuts
   Orc:1: 976 daAuts
